TOP OF THE 1ST |
Salem Misfits batting - Pitching for Athletic Club KC Academy : RHP Byron Rosebotham
|
Pitching: RHP Byron Rosebotham
|
|
Batting: RHB César Ramos
|
0-0: Ball 1-0: Foul Ball, location: 2F 1-1: Ball 2-1: Ball 3-1: Called Strike 3-2: Foul Ball, location: 2F 3-2: Base on Balls
|
Batting: RHB Robinson Barquero
|
0-0: Called Strike 0-1: Ball 1-1: Ball César Ramos is caught stealing 2nd base 2-1: Foul Ball, location: 2F 2-2: Ball 3-2: Strikes out swinging
|
Batting: LHB José Cuervo
|
0-0: Ball 1-0: Foul Ball, location: 2F 1-1: Ball 2-1: Foul Ball, location: 2F 2-2: Ball 3-2: Ground out U3 (Groundball, 34)
|
Top of the 1st over - 0 runs, 0 hits, 0 errors, 0 left on base; Salem 0 - Athletic Club KC Academy 0 |
BOTTOM OF THE 1ST |
Athletic Club KC Academy batting - Pitching for Salem Misfits : RHP Stefan Famintsyn
|
Pitching: RHP Stefan Famintsyn
|
|
Batting: LHB Takayuki Yoshikawa
|
0-0: Called Strike 0-1: Ball 1-1: Ball 2-1: Bunted foul 2-2: Ball 3-2: Base on Balls
|
Batting: LHB Pablo Hernández
|
0-0: Ball 1-0: Swinging Strike 1-1: Ball 2-1: Ball 3-1: Fly out, F9 (Line Drive, 89D)
|
Batting: RHB Colin Bottone
|
0-0: Ball 1-0: Ball 2-0: Fly out, F9 (Flyball, 9LSF)
|
Batting: LHB Ramón Morterero
|
0-0: Ball 1-0: SINGLE (Line Drive, 78S) Takayuki Yoshikawa to second
|
Batting: RHB Roger Caffyn
|
0-0: DOUBLE (Line Drive, 78D) Takayuki Yoshikawa scores Ramón Morterero to third Runner from 3rd tries for Home, SAFE, no throw
|
Batting: LHB Kwang-chih Feng
|
0-0: Called Strike 0-1: Ball 1-1: Ball 2-1: SINGLE (Groundball, 34D) Roger Caffyn to third Runner from 3rd tries for Home, SAFE, no throw
|
Batting: RHB Tae-kyun Chon
|
0-0: Ball 1-0: Called Strike 1-1: Swinging Strike 1-2: Ball 2-2: Strikes out swinging
|
Bottom of the 1st over - 3 runs, 3 hits, 0 errors, 1 left on base; Salem 0 - Athletic Club KC Academy 3 |
TOP OF THE 2ND |
Salem Misfits batting - Pitching for Athletic Club KC Academy : RHP Byron Rosebotham
|
Batting: LHB Rodrigo Gómez
|
0-0: Called Strike 0-1: Ground out 4-3 (Groundball, 4)
|
Batting: RHB Jorge Gómez
|
0-0: Ball 1-0: Ball 2-0: Ball 3-0: Base on Balls
|
Batting: RHB Vicente Andros
|
0-0: Ball 1-0: Ball 2-0: Ball 3-0: Base on Balls Jorge Gómez to second
|
Batting: RHB Austin Case
|
0-0: Swinging Strike 0-1: Ball 1-1: Ball 2-1: Ball 3-1: Fly out, F8 (Flyball, 8RS)
|
Batting: RHB Paul O'Neill
|
0-0: Called Strike 0-1: Ball 1-1: Foul Ball, location: 2F 1-2: Ball 2-2: Fly out, F8 (Flyball, 89XD)
|
Top of the 2nd over - 0 runs, 0 hits, 0 errors, 2 left on base; Salem 0 - Athletic Club KC Academy 3 |
BOTTOM OF THE 2ND |
Athletic Club KC Academy batting - Pitching for Salem Misfits : RHP Stefan Famintsyn
|
Batting: RHB Dewey Nauss
|
0-0: Ball 1-0: Foul Ball, location: 2F 1-1: Foul Ball, location: 2F 1-2: Strikes out swinging
|
Batting: RHB Tasuku Goto
|
0-0: Swinging Strike 0-1: Ball 1-1: Foul Ball, location: 2F 1-2: Strikes out swinging
|
Batting: LHB Takayuki Yoshikawa
|
0-0: Ball 1-0: Ball 2-0: Called Strike 2-1: Foul Ball, location: 2F 2-2: Fly out, F4 (Flyball, 4D)
|
Bottom of the 2nd over - 0 runs, 0 hits, 0 errors, 0 left on base; Salem 0 - Athletic Club KC Academy 3 |
TOP OF THE 3RD |
Salem Misfits batting - Pitching for Athletic Club KC Academy : RHP Byron Rosebotham
|
Batting: LHB Tyler Knopp
|
0-0: Called Strike 0-1: SINGLE (Groundball, 15S) (infield hit)
|
Batting: RHB César Ramos
|
0-0: Ball 1-0: Ball 2-0: Called Strike 2-1: Ball 3-1: Base on Balls Tyler Knopp to second
|
Batting: RHB Robinson Barquero
|
0-0: Called Strike 0-1: Ball 1-1: Foul Ball, location: 2F 1-2: Ball 2-2: Strikes out swinging
|
Batting: LHB José Cuervo
|
0-0: Called Strike 0-1: Ball 1-1: Ball 2-1: Foul Ball, location: 2F 2-2: Fielders Choice at 2nd, 3-6 (Groundball, 34) Tyler Knopp to third
|
Batting: LHB Rodrigo Gómez
|
0-0: Ball 1-0: Foul Ball, location: 2F 1-1: Foul Ball, location: 2F 1-2: Strikes out swinging
|
Top of the 3rd over - 0 runs, 1 hit, 0 errors, 2 left on base; Salem 0 - Athletic Club KC Academy 3 |
BOTTOM OF THE 3RD |
Athletic Club KC Academy batting - Pitching for Salem Misfits : RHP Stefan Famintsyn
|
Batting: LHB Pablo Hernández
|
0-0: Foul Ball, location: 2F 0-1: Ball 1-1: Ground out 1-3 (Groundball, P)
|
Batting: RHB Colin Bottone
|
0-0: Ball 1-0: Ball 2-0: Foul Ball, location: 2F 2-1: Swinging Strike 2-2: Foul Ball, location: 2F 2-2: SINGLE (Groundball, 34D)
|
Batting: LHB Ramón Morterero
|
0-0: Called Strike 0-1: Foul Ball, location: 2F 0-2: Strikes out swinging
|
Batting: RHB Roger Caffyn
|
0-0: Ball 1-0: Ball 2-0: Fly out, F7 (Flyball, 78D)
|
Bottom of the 3rd over - 0 runs, 1 hit, 0 errors, 1 left on base; Salem 0 - Athletic Club KC Academy 3 |
TOP OF THE 4TH |
Salem Misfits batting - Pitching for Athletic Club KC Academy : RHP Byron Rosebotham
|
Batting: RHB Jorge Gómez
|
0-0: Ball 1-0: Called Strike 1-1: Swinging Strike 1-2: Foul Ball, location: 2F 1-2: Strikes out swinging
|
Batting: RHB Vicente Andros
|
0-0: Ball 1-0: Called Strike 1-1: Ball 2-1: Foul Ball, location: 2F 2-2: Strikes out swinging
|
Batting: RHB Austin Case
|
0-0: Called Strike 0-1: Ball 1-1: Foul Ball, location: 2F 1-2: Foul Ball, location: 2F 1-2: DOUBLE (Flyball, 89D)
|
Batting: RHB Paul O'Neill
|
0-0: Ground out 6-3 (Groundball, 56)
|
Top of the 4th over - 0 runs, 1 hit, 0 errors, 1 left on base; Salem 0 - Athletic Club KC Academy 3 |
BOTTOM OF THE 4TH |
Athletic Club KC Academy batting - Pitching for Salem Misfits : RHP Stefan Famintsyn
|
Batting: LHB Kwang-chih Feng
|
0-0: SINGLE (Groundball, 4MD)
|
Batting: RHB Tae-kyun Chon
|
0-0: Ball 1-0: Foul Ball, location: 2F 1-1: Foul Ball, location: 2F 1-2: Fly out, F6 (Line Drive, 6)
|
Batting: RHB Dewey Nauss
|
0-0: Ball 1-0: Ball 2-0: Ball 3-0: Base on Balls Kwang-chih Feng to second
|
Batting: RHB Tasuku Goto
|
0-0: Swinging Strike 0-1: Ball 1-1: Swinging Strike 1-2: SINGLE (Line Drive, 7LS) Kwang-chih Feng to third Dewey Nauss to second Runner from 3rd tries for Home, SAFE, no throw
|
Batting: LHB Takayuki Yoshikawa
|
0-0: Fly out, F6 (Popup, 6D)
|
Batting: LHB Pablo Hernández
|
0-0: Called Strike 0-1: Ball 1-1: Swinging Strike 1-2: Foul Ball, location: 2F 1-2: Ball 2-2: Foul Ball, location: 2F 2-2: SINGLE (Line Drive, 89M) Dewey Nauss to third Tasuku Goto to second Runner from 3rd tries for Home, throw and OUT!
|
Bottom of the 4th over - 1 run, 3 hits, 0 errors, 2 left on base; Salem 0 - Athletic Club KC Academy 4 |
TOP OF THE 5TH |
Salem Misfits batting - Pitching for Athletic Club KC Academy : RHP Byron Rosebotham
|
Batting: LHB Tyler Knopp
|
0-0: Fly out, F8 (Flyball, 8LD)
|
Batting: RHB César Ramos
|
0-0: Ball 1-0: Foul Ball, location: 2F 1-1: Swinging Strike 1-2: Foul Ball, location: 2F 1-2: Strikes out swinging
|
Batting: RHB Robinson Barquero
|
0-0: Ball 1-0: Foul Ball, location: 2F 1-1: Ball 2-1: Foul Ball, location: 2F 2-2: SOLO HOME RUN (Flyball, 7D), Distance : 397 ft
|
Batting: LHB José Cuervo
|
0-0: Ball 1-0: Ball 2-0: Ball 3-0: Base on Balls
|
Pitching: RHP Andrés Martínez
|
|
Batting: LHB Rodrigo Gómez
|
0-0: Ball 1-0: Called Strike 1-1: Foul Ball, location: 2F 1-2: Strikes out swinging
|
Top of the 5th over - 1 run, 1 hit, 0 errors, 1 left on base; Salem 1 - Athletic Club KC Academy 4 |
BOTTOM OF THE 5TH |
Athletic Club KC Academy batting - Pitching for Salem Misfits : RHP Stefan Famintsyn
|
Batting: RHB Colin Bottone
|
0-0: Called Strike 0-1: Ball 1-1: Ground out 5-3 (Groundball, 5)
|
Batting: LHB Ramón Morterero
|
0-0: Ball 1-0: Foul Ball, location: 2F 1-1: Ball 2-1: Foul Ball, location: 2F 2-2: Ball 3-2: Strikes out swinging
|
Batting: RHB Roger Caffyn
|
0-0: Foul Ball, location: 2F 0-1: Ball 1-1: Foul Ball, location: 2F 1-2: Ball 2-2: Ball 3-2: Strikes out looking
|
Bottom of the 5th over - 0 runs, 0 hits, 0 errors, 0 left on base; Salem 1 - Athletic Club KC Academy 4 |
TOP OF THE 6TH |
Salem Misfits batting - Pitching for Athletic Club KC Academy : RHP Andrés Martínez
|
Batting: RHB Jorge Gómez
|
0-0: Ball 1-0: Ball 2-0: Ball 3-0: Base on Balls
|
Batting: RHB Vicente Andros
|
0-0: Ball 1-0: Foul Ball, location: 2F 1-1: Bunt missed! 1-2: Grounds into double play, 5-4-3 (Groundball, 56)
|
Batting: RHB Austin Case
|
0-0: Ball 1-0: Swinging Strike 1-1: Ball 2-1: Ball 3-1: Base on Balls
|
Batting: RHB Paul O'Neill
|
0-0: Ball 1-0: Ball 2-0: Fly out, F6 (Popup, 6MD)
|
Top of the 6th over - 0 runs, 0 hits, 0 errors, 1 left on base; Salem 1 - Athletic Club KC Academy 4 |
BOTTOM OF THE 6TH |
Athletic Club KC Academy batting - Pitching for Salem Misfits : RHP Stefan Famintsyn
|
Batting: LHB Kwang-chih Feng
|
0-0: Ball 1-0: Ball 2-0: Called Strike 2-1: Ball 3-1: Called Strike 3-2: Base on Balls
|
Batting: RHB Tae-kyun Chon
|
0-0: Sac Bunt - play at first, batter OUT! 1-3 Kwang-chih Feng to second
|
Batting: RHB Dewey Nauss
|
0-0: Intentional Walk
|
Batting: RHB Tasuku Goto
|
0-0: Called Strike 0-1: Fly out, F6 (Popup, 6M)
|
Batting: LHB Takayuki Yoshikawa
|
0-0: Called Strike 0-1: Ball 1-1: SINGLE (Groundball, 34D) Kwang-chih Feng to third Dewey Nauss to second Runner from 3rd tries for Home, SAFE, no throw
|
Batting: LHB Pablo Hernández
|
0-0: Ball 1-0: Called Strike 1-1: Ball 2-1: Swinging Strike 2-2: Foul Ball, location: 2F 2-2: Ball 3-2: Base on Balls Dewey Nauss to third Takayuki Yoshikawa to second
|
Pitching: RHP Zach Wells
|
|
Batting: RHB Colin Bottone
|
0-0: Foul Ball, location: 2F 0-1: Ball 1-1: Called Strike 1-2: Foul Ball, location: 2F 1-2: Strikes out looking
|
Bottom of the 6th over - 1 run, 1 hit, 0 errors, 3 left on base; Salem 1 - Athletic Club KC Academy 5 |
TOP OF THE 7TH |
Salem Misfits batting - Pitching for Athletic Club KC Academy : RHP Andrés Martínez
|
Batting: LHB Tyler Knopp
|
0-0: Ball 1-0: SINGLE (Line Drive, 34D)
|
Batting: RHB César Ramos
|
0-0: Called Strike 0-1: Ball 1-1: Ball 2-1: Ball 3-1: Base on Balls Tyler Knopp to second
|
Batting: RHB Robinson Barquero
|
0-0: Foul Ball, location: 2F 0-1: Called Strike 0-2: Foul Ball, location: 2F 0-2: Ball 1-2: Strikes out looking
|
Batting: LHB José Cuervo
|
0-0: Ball 1-0: Fielders Choice at 2nd, 4-6 (Groundball, 4) Tyler Knopp to third
|
Batting: LHB Rodrigo Gómez
|
0-0: Foul Ball, location: 2F 0-1: Ball 1-1: Foul Ball, location: 2F 1-2: Hit by Pitch José Cuervo to second
|
Batting: RHB Jorge Gómez
|
0-0: Ball 1-0: Swinging Strike 1-1: Ball 2-1: Ground out 4-3 (Groundball, 4M)
|
Top of the 7th over - 0 runs, 1 hit, 0 errors, 3 left on base; Salem 1 - Athletic Club KC Academy 5 |
BOTTOM OF THE 7TH |
Athletic Club KC Academy batting - Pitching for Salem Misfits : RHP Zach Wells
|
Batting: LHB Ramón Morterero
|
0-0: Ground out 3-1 (Groundball, 34)
|
Batting: RHB Roger Caffyn
|
0-0: Called Strike 0-1: SINGLE (Groundball, 6D)
|
Batting: LHB Kwang-chih Feng
|
0-0: Called Strike 0-1: Ball 1-1: Ball 2-1: SINGLE (Groundball, 4MD) Roger Caffyn to second
|
Pitching: RHP Javier Pérez
|
|
Batting: RHB Tae-kyun Chon
|
0-0: Called Strike 0-1: Ball 1-1: Foul Ball, location: 2F 1-2: Ball 2-2: Foul Ball, location: 2F 2-2: Ball 3-2: Foul Ball, location: 2F 3-2: Strikes out looking
|
Batting: RHB Dewey Nauss
|
0-0: Swinging Strike 0-1: Fielders Choice at 2nd, 6-4 (Groundball, 6)
|
Bottom of the 7th over - 0 runs, 2 hits, 0 errors, 2 left on base; Salem 1 - Athletic Club KC Academy 5 |
TOP OF THE 8TH |
Salem Misfits batting - Pitching for Athletic Club KC Academy : RHP Andrés Martínez
|
Batting: RHB Vicente Andros
|
0-0: Foul Ball, location: 2F 0-1: Foul Ball, location: 2F 0-2: Foul Ball, location: 2F 0-2: Ball 1-2: Foul Ball, location: 2F 1-2: Fly out, F6 (Line Drive, 6)
|
Batting: RHB Austin Case
|
0-0: Ball 1-0: Ball 2-0: Ball 3-0: Called Strike 3-1: Foul Ball, location: 2F 3-2: Ground out 6-3 (Groundball, 6S)
|
Batting: RHB Paul O'Neill
|
0-0: Called Strike 0-1: Foul Ball, location: 2F 0-2: Ball 1-2: Foul Ball, location: 2F 1-2: Ground out 6-3 (Groundball, 6)
|
Top of the 8th over - 0 runs, 0 hits, 0 errors, 0 left on base; Salem 1 - Athletic Club KC Academy 5 |
BOTTOM OF THE 8TH |
Athletic Club KC Academy batting - Pitching for Salem Misfits : RHP Javier Pérez
|
Batting: RHB Tasuku Goto
|
0-0: Called Strike 0-1: Ball 1-1: SINGLE (Flyball, 7LM)
|
Batting: LHB Takayuki Yoshikawa
|
0-0: Called Strike 0-1: Ball 1-1: Ball 2-1: Reached on error, E5 (Groundball, 5S) Tasuku Goto to third
|
Batting: LHB Pablo Hernández
|
0-0: Intentional Walk
|
Batting: RHB Colin Bottone
|
0-0: Called Strike 0-1: Ball 1-1: Swinging Strike 1-2: Ball 2-2: Ball 3-2: Foul Ball, location: 2F 3-2: Strikes out looking
|
Batting: LHB Ramón Morterero
|
0-0: Ball 1-0: Ball 2-0: Foul Ball, location: 2F 2-1: Foul Ball, location: 2F 2-2: Foul Ball, location: 2F 2-2: Ball 3-2: Base on Balls Tasuku Goto scores Takayuki Yoshikawa to third Pablo Hernández to second
|
Batting: RHB Roger Caffyn
|
0-0: Ball 1-0: Ball 2-0: SINGLE (Line Drive, 3D) Takayuki Yoshikawa scores Pablo Hernández to third Ramón Morterero to second Runner from 3rd tries for Home, throw and OUT!
|
Batting: LHB Kwang-chih Feng
|
0-0: Ball 1-0: Foul Ball, location: 2F 1-1: Ball 2-1: Ground out 4-3 (Groundball, 4)
|
Bottom of the 8th over - 2 runs, 2 hits, 1 error, 2 left on base; Salem 1 - Athletic Club KC Academy 7 |
TOP OF THE 9TH |
Salem Misfits batting - Pitching for Athletic Club KC Academy : RHP Andrés Martínez
|
Now at 2B: Roberto Romero
|
|
Now in LF: Arturo Annunziato
|
|
Batting: LHB Tyler Knopp
|
0-0: Called Strike 0-1: Ball 1-1: SINGLE (Line Drive, 89S)
|
Pitching: RHP Alberto Ortíz
|
|
Batting: RHB César Ramos
|
0-0: Foul Ball, location: 2F 0-1: Foul Ball, location: 2F 0-2: Ball 1-2: Ball 2-2: Ball 3-2: Foul Ball, location: 2F 3-2: Foul Ball, location: 2F 3-2: Base on Balls Tyler Knopp to second
|
Batting: RHB Robinson Barquero
|
0-0: Called Strike 0-1: Fly out, F8 (Line Drive, 8RD)
|
Batting: LHB José Cuervo
|
0-0: Ball 1-0: Ball 2-0: Ball 3-0: Base on Balls Tyler Knopp to third César Ramos to second
|
Batting: LHB Rodrigo Gómez
|
0-0: Ball 1-0: Foul Ball, location: 2F 1-1: Ball 2-1: Grounds into double play, 4-6-3 (Groundball, 4)
|
Top of the 9th over - 0 runs, 1 hit, 0 errors, 2 left on base; Salem 1 - Athletic Club KC Academy 7 |
|